 Dungeon Crawl Stone Soup version 0.30-a0-142-g7370640ec8 (webtiles) character file.

Game seed: 2302275192808498071

2202 qw the Cleaver (level 9, -5/55 HPs)
             Began as a Gargoyle Fighter on Sept 25, 2022.
             Was a Believer of Okawaru.
             Shot with an arrow by a centaur (8 damage)
             ... on level 6 of the Dungeon.
             The game lasted 00:03:28 (7070 turns).

qw the Cleaver (Gargoyle Fighter)                   Turns: 7070, Time: 00:03:29

Health: -5/55      AC: 24    Str: 24    XL:     9   Next: 34%
Magic:  10/12      EV:  9    Int:  9    God:    Okawaru [**....]
Gold:   358        SH:  5    Dex:  9    Spells: 8/8 levels left

rFire   + . .      SeeInvis .    Y - +0 war axe (venom)
rCold   . . .      Faith    .    c - +0 buckler
rNeg    + . .      Spirit   .    e - +0 chain mail
rPois   inf        Reflect  .    (no helmet)
rElec   +          Harm     .    l - +2 cloak
rCorr   .          Rampage  .    h - +2 pair of gloves
Will    .....                    (no boots)
Stlth   ..........               (no amulet)
HPRegen 0.18/turn                k - ring of protection from fire
MPRegen 0.13/turn                (no ring)

@: heroic
A: sickness immunity, AC +6, negative energy resistance 1, electricity
resistance, torment resistance 1, petrification resistance
a: Renounce Religion, Heroism


You were on level 6 of the Dungeon.
You worshipped Okawaru.
Okawaru was pleased with you.
You visited 2 branches of the dungeon, and saw 7 of its levels.
You also visited: Sewer.

You collected 358 gold pieces.


Innate Abilities, Weirdness & Mutations

You are immune to sickness and miasma.
Your stone body is resilient. (AC +6)
You are immune to poison.
You resist negative energy. (rN+)
You are resistant to electric shocks. (rElec)
You are resistant to unholy torment.
You are immune to petrification.


   Skills:
 - Level 6.2(11.2) Fighting
 - Level 9.1(14.1) Axes
 - Level 1.0(6.0) Throwing
 - Level 4.1(9.1) Armour
 - Level 1.2(6.2) Dodging
 + Level 3.3(8.3) Shields
 - Level 4.3 Invocations


You had 8 spell levels left.
You didn't know any spells.
Your spell library was empty.

Inventory:

Hand Weapons
 a - a +0 flail
 Y - a +0 war axe of venom (weapon)
Missiles
 n - a boomerang (quivered)
Armour
 c - a +0 buckler (worn)
 e - a +0 chain mail (worn)
 h - a +2 pair of gloves (worn)
 l - a +2 cloak (worn)
 q - a +0 plate armour
Jewellery
 k - a ring of protection from fire (left hand)
Scrolls
 i - 2 scrolls of identify
Potions
 b - 3 potions of mutation
 d - 3 potions of might
 f - 4 potions of lignification
 g - a potion of haste
 j - 5 potions of curing
 m - a potion of cancellation
 o - 2 potions of magic
 p - a potion of attraction {unknown}

Dungeon Overview and Level Annotations

Branches:
Dungeon (6/15)             Temple (1/1) D:4           Sewer (visited)

Altars:
Ashenzari
Cheibriados
Dithmenos
Elyvilon
Gozag
Kikubaaqudgha
Nemelex Xobeh
Okawaru
Qazlal
Sif Muna
Trog
Uskayaw
Wu Jian
Xom
Yredelemnul
Zin

Annotations:
D:4 1 runed translucent door, qw's ghost, amateur GrFi


Message History

7045 ||| INVOKING Heroism.
You gain the combat prowess of a mighty hero.
The centaur shoots an arrow.
You block the arrow.
The centaur shoots an arrow.
The arrow hits you.
The centaur shoots an arrow.
You block the arrow.
The centaur shoots an arrow.
The arrow hits you.
The centaur shoots an arrow.
The arrow barely misses you.
The centaur shoots an arrow.
The arrow hits you.
The centaur shoots an arrow.
The arrow hits you.
The centaur shoots an arrow.
The arrow hits you but does no damage.
The centaur shoots an arrow.
The arrow hits you but does no damage.
The centaur shoots an arrow.
The arrow hits you.
The centaur shoots an arrow.
The arrow barely misses you.
The centaur shoots an arrow.
The arrow hits you.
The centaur shoots an arrow.
The arrow barely misses you.
The centaur shoots an arrow.
The arrow barely misses you.
The centaur shoots an arrow.
The arrow closely misses you.
The centaur shoots an arrow.
The arrow hits you but does no damage.
The centaur shoots an arrow.
The arrow barely misses you.
The centaur shoots an arrow.
The arrow barely misses you.
You hear a shout!
The centaur shoots an arrow.
The arrow hits you!
The centaur shoots an arrow.
You block the arrow.
The centaur shoots an arrow.
The arrow hits you but does no damage.
The centaur shoots an arrow.
The arrow barely misses you.
The centaur wields a +0 shortbow.
The centaur shoots an arrow.
The arrow hits you.
The centaur shoots an arrow.
The arrow hits you.
The centaur shoots an arrow.
The arrow hits you but does no damage.
The centaur shoots an arrow.
The arrow hits you but does no damage.
The centaur shoots an arrow.
The arrow hits you but does no damage.
The centaur shoots an arrow.
The arrow hits you but does no damage.
The centaur shoots an arrow.
The arrow barely misses you.
You feel like a meek peon again.
The centaur shoots an arrow.
The arrow hits you.
The centaur shoots an arrow.
The arrow hits you!
7070 ||| INVOKING Heroism.
You gain the combat prowess of a mighty hero.
The centaur shoots an arrow.
The arrow completely misses you.
The centaur shoots an arrow.
The arrow hits you!
You die...

#~~~~~c..~~~~ #.....#
#
~~~...c~~~~#####'##'#
#
~~~~~~~~~~..........
# ~~~~cc~~~......
...## ~~~~~~~~......
...## ~~c~~~~... #
~~~~~~###
#######.......#.#
.......@# #.#.#
#######.# ###.#.####
#.# #........# #.#
#........# #.#
#........##### #.#
#.......)..... #.#
#........###<# #.#
#........# #.# #.#
#........# #.#


You could see 4 centaurs.

Vanquished Creatures
  Grinder (D:6)
  Duvessa (D:4)
  An orc warrior (D:6)
  A black bear (D:5)
  An ice beast (D:4)
  2 ogres (D:6)
  A centaur (D:6)
  4 phantoms
  A bullfrog (D:6)
  A necrophage (D:5)
  2 scorpions (D:5)
  Dowan (D:4)
  A centaur skeleton (D:4)
  2 hounds
  2 jellies (Sewer)
  An orc priest (D:3)
  A gnoll bouda (D:5)
  Ijyb (D:3)
  Terence (D:2)
  2 iguanas
  2 orc wizards
  5 scorpion zombies (D:4)
  2 hound zombies (D:4)
  3 gnolls (D:5)
  4 adders
  A river rat (Sewer)
  A shadow imp (D:6)
  3 white imps
  2 ufetubi
  An adder zombie (D:4)
  2 adder skeletons (D:4)
  2 worms
  4 dart slugs
  31 orcs
  10 ball pythons
  18 endoplasms
  8 giant cockroaches
  6 goblins
  7 hobgoblins
  4 jackals (D:1)
  4 quokkas
  3 bats
  8 frilled lizards
  5 kobolds
  2 quokka skeletons (D:4)
  10 rats
176 creatures vanquished.

Vanquished Creatures (others)
  4 withered plants (D:4)
4 creatures vanquished.

Grand Total: 180 creatures vanquished

Notes
Turn   | Place    | Note
-------+----------+-------------------------------------------
     0 | D:1      | qw the Gargoyle Fighter began the quest for the Orb.
     0 | D:1      | Reached XP level 1. HP: 14/14 MP: 1/1
     0 | D:1      | 0 ||| qw: Version: 0.2-a-10-g399e6c4
     0 | D:1      | 0 ||| qw: Game counter: 392
     0 | D:1      | 0 ||| qw: Always use a shield: true
     0 | D:1      | 0 ||| qw: God list: Okawaru
     0 | D:1      | 0 ||| qw: Allow faded altars: false
     0 | D:1      | 0 ||| qw: Do Orc after D:15 true
     0 | D:1      | 0 ||| qw: Do second Lair branch before Depths: true
     0 | D:1      | 0 ||| qw: Lair rune preference: random
     0 | D:1      | 0 ||| qw: Plans: Normal, Zot:1-4, God:TSO, Crypt, Tomb,
                  | Pan, Slime:5, Hells, Abyss, Orb
     0 | D:1      | 0 ||| PLANNING D:1-11
    18 | D:1      | Reached skill level 2 in Axes
   115 | D:1      | 115 ||| Stepping ~*~*~tactically~*~*~ (stealth).
   140 | D:1      | Reached XP level 2. HP: 17/19 MP: 2/2
   434 | D:1      | Reached skill level 3 in Axes
   677 | D:1      | Found a faded altar of an unknown god.
   677 | D:1      | Noticed a Brimstone Fiend
   702 | D:1      | Reached XP level 3. HP: 21/23 MP: 3/3
   733 | D:1      | 733 ||| Stepping ~*~*~tactically~*~*~ (stealth).
   735 | D:1      | 735 ||| Stepping ~*~*~tactically~*~*~ (stealth).
   737 | D:1      | 737 ||| Stepping ~*~*~tactically~*~*~ (hiding).
  1212 | D:1      | 1212 ||| READING scroll labelled DEOLYE PINA.
  1213 | D:1      | 1213 ||| READING scroll labelled KIM GUSOCLITED.
  1214 | D:1      | 1214 ||| READING scroll labelled TUNOXK XOAPP.
  1236 | D:2      | 1236 ||| STAIRDANCE
  1521 | D:2      | Reached XP level 4. HP: 28/28 MP: 4/4
  1767 | D:2      | 1767 ||| DROPPING +0 club.
  1768 | D:2      | Noticed Terence
  1779 | D:2      | Killed Terence
  1780 | D:2      | Reached skill level 4 in Axes
  1986 | D:2      | 1986 ||| UPGRADING to +0 cloak.
  1991 | D:2      | 1991 ||| READING 2 scrolls labelled RIL ARCHEUJIYWA.
  1992 | D:2      | 1992 ||| READING scroll labelled WOUKER HAEL.
  1993 | D:2      | 1993 ||| READING scroll labelled ASUHAI TUTEU.
  1994 | D:2      | 1994 ||| READING scroll labelled ZYGEOTHA YRCHE.
  1995 | D:2      | 1995 ||| READING scroll labelled SOQAD SIYZY.
  1996 | D:2      | 1996 ||| READING scroll labelled EDUHORGH IPOHA.
  1997 | D:2      | 1997 ||| READING 3 scrolls of identify.
  1997 | D:2      | 1997 ||| IDENTIFYING fuming dark potion
  1998 | D:2      | 1998 ||| READING 2 scrolls of identify.
  1998 | D:2      | 1998 ||| IDENTIFYING yellow potion
  1999 | D:2      | 1999 ||| DROPPING scroll of amnesia.
  2000 | D:2      | 2000 ||| DROPPING potion of invisibility.
  2062 | D:3      | Noticed Ijyb
  2063 | D:3      | 2063 ||| Stepping ~*~*~tactically~*~*~ (hiding).
  2082 | D:3      | Killed Ijyb
  2132 | D:3      | 2132 ||| Stepping ~*~*~tactically~*~*~ (stealth).
  2159 | D:3      | Reached XP level 5. HP: 12/32 MP: 5/5
  2384 | D:3      | 2384 ||| DROPPING +0 whip.
  2553 | D:3      | 2553 ||| Stepping ~*~*~tactically~*~*~ (stealth).
  2561 | D:3      | Reached skill level 5 in Axes
  2836 | D:3      | 2836 ||| Stepping ~*~*~tactically~*~*~ (hiding).
  2854 | D:3      | 2854 ||| FLEEEEING.
  2857 | D:3      | 2857 ||| FLEEEEING.
  2858 | D:3      | 2858 ||| FLEEEEING.
  2861 | D:3      | 2861 ||| FLEEEEING.
  2862 | D:3      | 2862 ||| FLEEEEING.
  2863 | D:3      | 2863 ||| FLEEEEING.
  2865 | D:3      | 2865 ||| FLEEEEING.
  2866 | D:3      | 2866 ||| FLEEEEING.
  2867 | D:3      | 2867 ||| FLEEEEING.
  2868 | D:3      | 2868 ||| FLEEEEING.
  2869 | D:3      | 2869 ||| FLEEEEING.
  2870 | D:3      | 2870 ||| FLEEEEING.
  2871 | D:3      | 2871 ||| FLEEEEING.
  2874 | D:3      | 2874 ||| FLEEEEING.
  2875 | D:3      | 2875 ||| FLEEEEING.
  2878 | D:3      | 2878 ||| FLEEEEING.
  2879 | D:3      | 2879 ||| FLEEEEING.
  2880 | D:3      | 2880 ||| FLEEEEING.
  2882 | D:3      | 2882 ||| FLEEEEING.
  2888 | D:3      | 2888 ||| FLEEEEING.
  2889 | D:3      | 2889 ||| FLEEEEING.
  2890 | D:3      | 2890 ||| FLEEEEING.
  2891 | D:3      | 2891 ||| FLEEEEING.
  2893 | D:3      | 2893 ||| STAIRDANCE
  2947 | D:2      | 2947 ||| DROPPING ring of flight.
  2948 | D:2      | 2948 ||| READING scroll labelled YROFUN JEHIM.
  2949 | D:2      | 2949 ||| READING 4 scrolls of identify.
  2949 | D:2      | 2949 ||| IDENTIFYING red potion
  2950 | D:2      | 2950 ||| READING 3 scrolls of identify.
  2950 | D:2      | 2950 ||| IDENTIFYING green potion
  2951 | D:2      | 2951 ||| DROPPING potion of flight.
  2954 | D:3      | 2954 ||| STAIRDANCE
  3053 | D:3      | Reached XP level 6. HP: 37/39 MP: 6/6
  3460 | D:4      | Reached skill level 1 in Dodging
  3465 | D:4      | Noticed Duvessa
  3466 | D:4      | Noticed Dowan
  3474 | D:4      | Killed Duvessa
  3481 | D:4      | Killed Dowan
  3482 | D:4      | Reached XP level 7. HP: 20/44 MP: 7/7
  3482 | D:4      | 3482 ||| FLEEEEING.
  3485 | D:4      | HP: 6/44 [orc/+0 hand axe (6)]
  3486 | D:4      | 3486 ||| DRINKING potion of heal wounds.
  3704 | D:4      | Found a staircase to the Ecumenical Temple.
  3705 | D:4      | 3705 ||| PLANNING TEMPLE
  3705 | D:4      | 3705 ||| UPGRADING to +0 chain mail.
  3715 | D:4      | 3715 ||| DROPPING +0 scale mail.
  3716 | D:4      | 3716 ||| READING scroll labelled PIOHESS WEMU.
  3717 | D:4      | 3717 ||| READING 4 scrolls of identify.
  3717 | D:4      | 3717 ||| IDENTIFYING golden potion
  3718 | D:4      | 3718 ||| DROPPING potion of degeneration.
  3721 | D:4      | 3721 ||| FLEEEEING.
  3722 | D:4      | 3722 ||| FLEEEEING.
  3723 | D:4      | 3723 ||| FLEEEEING.
  3724 | D:4      | 3724 ||| FLEEEEING.
  3725 | D:4      | 3725 ||| FLEEEEING.
  3726 | D:4      | 3726 ||| FLEEEEING.
  3727 | D:4      | 3727 ||| FLEEEEING.
  3728 | D:4      | 3728 ||| FLEEEEING.
  3729 | D:4      | 3729 ||| FLEEEEING.
  3730 | D:4      | 3730 ||| FLEEEEING.
  3731 | D:4      | 3731 ||| FLEEEEING.
  3732 | D:4      | 3732 ||| FLEEEEING.
  3733 | D:4      | 3733 ||| FLEEEEING.
  3734 | D:4      | 3734 ||| FLEEEEING.
  3740 | D:4      | 3740 ||| FLEEEEING.
  3741 | D:4      | 3741 ||| FLEEEEING.
  3742 | D:4      | 3742 ||| FLEEEEING.
  3743 | D:4      | 3743 ||| FLEEEEING.
  3744 | D:4      | 3744 ||| FLEEEEING.
  3749 | D:4      | 3749 ||| STAIRDANCE
  3756 | D:4      | 3756 ||| FLEEEEING.
  3758 | D:4      | 3758 ||| FLEEEEING.
  3759 | D:4      | 3759 ||| STAIRDANCE
  3765 | D:4      | 3765 ||| STAIRDANCE
  3817 | Temple   | Entered the Ecumenical Temple
  3859 | Temple   | 3859 ||| PLANNING OKAWARU WORSHIP
  4048 | Temple   | Became a worshipper of Warmaster Okawaru
  4049 | Temple   | 4049 ||| PLANNING D:1-11
  4092 | D:4      | 4092 ||| Stepping ~*~*~tactically~*~*~ (stealth).
  4093 | D:4      | 4093 ||| Stepping ~*~*~tactically~*~*~ (stealth).
  4094 | D:4      | 4094 ||| Stepping ~*~*~tactically~*~*~ (stealth).
  4097 | D:4      | Found a hide-covered altar of Uskayaw.
  4100 | D:4      | Found a stormy altar of Qazlal.
  4101 | D:4      | Found an ancient bone altar of Kikubaaqudgha.
  4102 | D:4      | Found an opulent altar of Gozag.
  4145 | D:4      | Reached skill level 6 in Axes
  4484 | D:4      | Found a basalt altar of Yredelemnul.
  4564 | D:4      | Found a runed translucent door.
  4568 | D:4      | Noticed qw's ghost (amateur GrFi)
  4582 | D:4      | Found an ornate altar of the Wu Jian Council.
  4613 | D:4      | 4613 ||| READING scroll of enchant armour.
  4613 | D:4      | 4613 ||| ENCHANTING +0 cloak.
  4777 | D:4      | Reached skill level 7 in Axes
  4845 | D:4      | 4845 ||| READING 4 scrolls of identify.
  4845 | D:4      | 4845 ||| IDENTIFYING puce potion
  4846 | D:4      | 4846 ||| READING 3 scrolls of identify.
  4846 | D:4      | 4846 ||| IDENTIFYING bubbling purple potion
  4864 | D:5      | Entered Level 5 of the Dungeon
  4867 | D:5      | 4867 ||| Stepping ~*~*~tactically~*~*~ (stealth).
  4870 | D:5      | 4870 ||| Stepping ~*~*~tactically~*~*~ (stealth).
  4875 | D:5      | Reached * piety under Okawaru
  4876 | D:5      | 4876 ||| INVOKING Heroism.
  4883 | D:5      | Reached XP level 8. HP: 49/49 MP: 5/8
  4886 | D:5      | Reached skill level 1 in Invocations
  5028 | D:5      | Identified the +4 ring mail "Kaev" {*Corrode +Inv rPois
                  | Int+4}
  5265 | D:5      | 5265 ||| INVOKING Heroism.
  5273 | D:5      | Reached skill level 3 in Invocations
  5296 | D:5      | 5296 ||| READING 3 scrolls of enchant armour.
  5296 | D:5      | 5296 ||| ENCHANTING +1 cloak.
  5549 | D:5      | Identified the +1 leather armour "Masac" {Regen+ Stlth+}
  5701 | D:5      | 5701 ||| UPGRADING to +0 pair of gloves.
  5706 | D:5      | 5706 ||| DROPPING +4 ring mail "Kaev" {*Corrode +Inv rPois
                  | Int+4}.
  5707 | D:5      | 5707 ||| READING 2 scrolls of enchant armour.
  5707 | D:5      | 5707 ||| ENCHANTING +0 pair of gloves.
  5708 | D:5      | 5708 ||| READING scroll of enchant armour.
  5708 | D:5      | 5708 ||| ENCHANTING +1 pair of gloves.
  5709 | D:5      | 5709 ||| UPGRADING to ring of protection from fire.
  5733 | D:6      | 5733 ||| PLANNING SEWER
  5777 | D:6      | Noticed Grinder
  5778 | D:6      | 5778 ||| INVOKING Heroism.
  5787 | D:6      | Killed Grinder
  5787 | D:6      | Reached ** piety under Okawaru
  5788 | D:6      | Reached skill level 8 in Axes
  5790 | D:6      | 5790 ||| Stepping ~*~*~tactically~*~*~ (hiding).
  5792 | D:6      | 5792 ||| Stepping ~*~*~tactically~*~*~ (hiding).
  5813 | D:6      | 5813 ||| Stepping ~*~*~tactically~*~*~ (stealth).
  5821 | D:6      | 5821 ||| FLEEEEING.
  5823 | D:6      | 5823 ||| Stepping ~*~*~tactically~*~*~ (stealth).
  5846 | D:6      | 5846 ||| FLEEEEING.
  5890 | D:6      | 5890 ||| Stepping ~*~*~tactically~*~*~ (stealth).
  5928 | D:6      | 5928 ||| Stepping ~*~*~tactically~*~*~ (stealth).
  5978 | D:6      | Found a glowing drain.
  5982 | D:6      | 5982 ||| INVOKING Heroism.
  5999 | Sewer    | Entered a sewer
  6111 | Sewer    | 6111 ||| Stepping ~*~*~tactically~*~*~ (stealth).
  6129 | Sewer    | 6129 ||| INVOKING Heroism.
  6167 | Sewer    | 6167 ||| INVOKING Heroism.
  6281 | Sewer    | 6281 ||| INVOKING Heroism.
  6287 | Sewer    | Reached XP level 9. HP: 52/55 MP: 9/12
  6305 | Sewer    | Found a viscous altar of Jiyva.
  6370 | Sewer    | 6370 ||| READING scroll labelled INUTIT LOARPH.
  6371 | Sewer    | 6371 ||| READING 3 scrolls of identify.
  6371 | Sewer    | 6371 ||| IDENTIFYING cyan potion
  6372 | Sewer    | 6372 ||| READING 2 scrolls of identify.
  6372 | Sewer    | 6372 ||| IDENTIFYING blue potion
  6388 | D:6      | 6388 ||| PLANNING D:1-11
  6439 | D:6      | Reached skill level 6 in Fighting
  6478 | D:6      | 6478 ||| FLEEEEING.
  6479 | D:6      | 6479 ||| FLEEEEING.
  6480 | D:6      | 6480 ||| FLEEEEING.
  6481 | D:6      | 6481 ||| FLEEEEING.
  6482 | D:6      | 6482 ||| FLEEEEING.
  6487 | D:6      | 6487 ||| FLEEEEING.
  6488 | D:6      | 6488 ||| FLEEEEING.
  6495 | D:6      | 6495 ||| FLEEEEING.
  6496 | D:6      | 6496 ||| FLEEEEING.
  6498 | D:6      | 6498 ||| FLEEEEING.
  6506 | D:6      | 6506 ||| FLEEEEING.
  6507 | D:6      | 6507 ||| FLEEEEING.
  6511 | D:6      | 6511 ||| FLEEEEING.
  6512 | D:6      | 6512 ||| INVOKING Heroism.
  6513 | D:6      | 6513 ||| Stepping ~*~*~tactically~*~*~ (hiding).
  6651 | D:6      | 6651 ||| INVOKING Heroism.
  6661 | D:6      | Reached skill level 1 in Throwing
  6674 | D:6      | 6674 ||| FLEEEEING.
  6675 | D:6      | 6675 ||| FLEEEEING.
  6676 | D:6      | 6676 ||| FLEEEEING.
  6677 | D:6      | 6677 ||| FLEEEEING.
  6678 | D:6      | 6678 ||| FLEEEEING.
  6679 | D:6      | 6679 ||| FLEEEEING.
  6680 | D:6      | 6680 ||| FLEEEEING.
  6681 | D:6      | 6681 ||| FLEEEEING.
  6682 | D:6      | 6682 ||| FLEEEEING.
  6683 | D:6      | 6683 ||| FLEEEEING.
  6684 | D:6      | 6684 ||| FLEEEEING.
  6685 | D:6      | 6685 ||| FLEEEEING.
  6687 | D:6      | 6687 ||| FLEEEEING.
  6688 | D:6      | 6688 ||| FLEEEEING.
  6689 | D:6      | 6689 ||| FLEEEEING.
  6690 | D:6      | 6690 ||| FLEEEEING.
  6691 | D:6      | 6691 ||| FLEEEEING.
  6692 | D:6      | 6692 ||| FLEEEEING.
  6694 | D:6      | 6694 ||| FLEEEEING.
  6695 | D:6      | 6695 ||| FLEEEEING.
  6697 | D:6      | 6697 ||| FLEEEEING.
  6698 | D:6      | 6698 ||| FLEEEEING.
  6699 | D:6      | 6699 ||| FLEEEEING.
  6700 | D:6      | 6700 ||| FLEEEEING.
  6701 | D:6      | 6701 ||| FLEEEEING.
  6702 | D:6      | 6702 ||| FLEEEEING.
  6703 | D:6      | 6703 ||| FLEEEEING.
  6704 | D:6      | 6704 ||| FLEEEEING.
  6705 | D:6      | 6705 ||| STAIRDANCE
  6739 | D:6      | 6739 ||| INVOKING Heroism.
  6907 | D:6      | 6907 ||| INVOKING Heroism.
  6910 | D:6      | Reached skill level 9 in Axes
  7045 | D:6      | 7045 ||| INVOKING Heroism.
  7065 | D:6      | HP: 12/55 [centaur/arrow (4)]
  7069 | D:6      | HP: 3/55 [centaur/arrow (7)]
  7070 | D:6      | 7070 ||| INVOKING Heroism.
  7070 | D:6      | Shot with an arrow by a centaur

Levels and vault maps discovered:
D:1:      minmay_arrival_diagonal_passages, layout_basic,
          dreamdust_ecumenical_altar_sealed_demon, hangedman_decor_points
D:2:      layout_basic, uniq_terence
D:3:      layout_loops_corners, uniq_ijyb
D:4:      layout_basic, mainiacjoe_overflow_paths, mainiacjoe_overflow_alcove_3,
          marbit_many_paths, minmay_temple_entry_glass, serial_undead,
          serial_undead_f, serial_undead_e, serial_undead_a, serial_undead_d,
          serial_undead_a, serial_undead_b, gammafunk_ghost_grave, uniq_duvessa
D:5:      layout_loops_ring
D:6:      nicolae_whirlpool, layout_basic, portal_sewer_entry_b, uniq_grinder
Temple:   jpeg_temple_alley_garden

Skill      XL: |  1  2  3  4  5  6  7  8  9 |
---------------+----------------------------+-----
Axes           | 2 3 4 5 7 8 9 |  9.1
Fighting       | 4 5 6 |  6.2
Dodging        | 1 |  1.2
Invocations    | 4 |  4.3
Armour         | 4 |  4.1
Throwing       | 1 |  1.0
Shields        | |  3.3

Action                   |  1- 3 |  4- 6 |  7- 9 || total
-------------------------+-------+-------+-------++-------
Melee: War axe           |   141 |   108 |   279 ||   528
Throw: Boomerang         |       |    11 |    28 ||    39
Invok: Heroism           |       |       |    13 ||    13
  Use: Scroll            |     3 |    11 |    11 ||    25
       Potion            |       |       |     1 ||     1
Armor: Scale mail        |    73 |    53 |     2 ||   128
       Chain mail        |       |       |   175 ||   175
Dodge: Dodged            |    68 |    40 |   103 ||   211
Block: Buckler           |    25 |    15 |    49 ||    89

Table legend:
 A = Non-vault XP
 B = Vault XP
 C = Vault XP percentage of total XP
 D = Non-vault monster count
 E = Vault monster count
 F = Vault count percentage of total count
                 A         B        C        D         E       F
            +---------+---------+-------+---------+---------+-------
      Total |    2015 |    1131 |  36.0 |     121 |      55 |  31.2
            +---------+---------+-------+---------+---------+-------
        D:1 |      57 |       0 |   0.0 |      29 |       0 |   0.0
        D:2 |      34 |      36 |  51.4 |      12 |       1 |   7.7
        D:3 |     171 |      36 |  17.4 |      25 |       1 |   3.8
        D:4 |     146 |     599 |  80.4 |      11 |      17 |  60.7
        D:5 |     667 |       0 |   0.0 |      15 |       0 |   0.0
        D:6 |     940 |     295 |  23.9 |      29 |       6 |  17.1
      Sewer |       0 |     165 | 100.0 |       0 |      30 | 100.0
            +---------+---------+-------+---------+---------+-------
